 Dungeon Crawl Stone Soup version 0.18.1-6-gd335043 (webtiles) character file.

174 NoLuckNoSkill the Ruffian (level 5, -1/53 HPs)
             Began as a Troll Monk on May 18, 2016.
             Killed from afar by Sigmund (10 damage)
             ... with a puff of flame
             ... on level 3 of the Dungeon.
             The game lasted 00:03:09 (1628 turns).

NoLuckNoSkill the Ruffian (Troll Monk)              Turns: 1628, Time: 00:03:11

Health: -1/53      AC:  6    Str: 20    XL:     5   Next: 28%
Magic:  4/4        EV: 11    Int:  6    God:
Gold:   108        SH:  0    Dex: 12    Spells: 0 memorised, 4 levels left

rFire  . . .     SeeInvis .       - Unarmed
rCold  . . .     Gourm    +     a - +0 robe
rNeg   . . .     Faith    .     (no shield)
rPois  .         Spirit   .     (helmet restricted)
rElec  .         Dismiss  .     s - +0 cloak
rCorr  .         Reflect  .     (gloves unavailable)
SustAt +         Harm     .     (boots unavailable)
MR     .....                    (no amulet)
Stlth  ..........               m - ring of loudness (curse)
                                q - ring of sustain attributes

@: not resistant to hostile enchantments, extremely unstealthy
A: unfitting armour, claws 3, fast metabolism 3, gourmand, regeneration 2,
shaggy fur 1, tough skin 2
a: no special abilities


You were on level 3 of the Dungeon.
You were very full.

You visited 1 branch of the dungeon, and saw 3 of its levels.

You collected 108 gold pieces.

Inventory:

Armour
 a - a +0 robe (worn)
 s - a +0 cloak (worn)
Jewellery
 m - a cursed ring of loudness (right claw)
 q - a ring of sustain attributes (left claw)
Scrolls
 c - a scroll of enchant armour {unknown}
 e - a scroll of random uselessness {unknown}
 h - 2 scrolls of fear {unknown}
 i - a scroll of amnesia {unknown}
 k - 3 scrolls of identify {unknown}
 l - 2 scrolls of remove curse {unknown}
 o - a scroll of fog {unknown}
 p - a scroll of recharging {unknown}
 r - a scroll of teleportation {unknown}
 u - a scroll of enchant weapon {unknown}
Potions
 d - a potion of mutation {unknown}
 f - 3 potions of curing {unknown}
 g - 3 potions of lignification {unknown}
 n - a potion of invisibility {unknown}
 v - a potion of beneficial mutation {unknown}
Comestibles
 b - 4 bread rations
 j - 3 fruits


   Skills:
 + Level 3.3 Fighting
 + Level 3.4 Dodging
 - Level 1.1 Stealth
 * Level 5.2 Unarmed Combat


You had 4 spell levels left.
You didn't know any spells.

Dungeon Overview and Level Annotations

Branches:
Dungeon (3/15)

Altars:
Nemelex Xobeh
Pakellas

Annotations:
D:3 Sigmund


Innate Abilities, Weirdness & Mutations

You are too large for most types of armour.
You have claws for hands.
Your metabolism is lightning-fast.
You like to eat raw meat.
You heal very quickly.
You are covered in fur (AC +1).
You have very tough skin (AC +2).


Message History

You kill the rat!
Something hits you but does no damage.
You claw the goblin!
You kill the goblin!
Something hits you!
You see here a rat corpse.
You closely miss something. Something hits you.
You closely miss something. You claw something!
You hear some strange, mumbled words.
A magic dart appears from out of thin air!
The magic dart hits you!
You scratch something but do no damage. Your claw misses something.
Something hits you!
* * * LOW HITPOINT WARNING * * *
You claw something!
You hear some strange, mumbled words.
A puff of flame appears from out of thin air!
The puff of flame hits you!
You die...

######### ........#
####### ........#
..... #.#.....# .....
._......# ...
#.#.....# .. ...
........###.#
#.####...
........#...#
#{.......
........#.#.# #@#
........#.#.# #.#
........#.#.# #.#
..........#.# #.#
#######.....# #.# #
####...### #.# ######
#
#......######.###....#
#.##.................#
#.###.(.((.).........#


There were no monsters in sight!

Vanquished Creatures
  An orc priest (D:3)
  Crazy Yiuf (D:2)
  3 adders (D:2)
  4 worms
  2 dart slugs
  A giant gecko (D:2)
  4 orcs (D:3)
  8 bats
  2 giant cockroaches (D:1)
  8 goblins
  7 hobgoblins
  11 jackals
  2 quokkas (D:3)
  2 giant newts
  6 kobolds
  8 rats
70 creatures vanquished.

Notes
Turn   | Place    | Note
--------------------------------------------------------------
     0 | D:1      | NoLuckNoSkill the Troll Monk began the quest for the Orb.
     0 | D:1      | Reached XP level 1. HP: 22/22 MP: 0/0
   274 | D:1      | Reached XP level 2. HP: 29/29 MP: 1/1
   631 | D:2      | Reached XP level 3. HP: 15/36 MP: 2/2
   872 | D:2      | Reached XP level 4. HP: 45/45 MP: 3/3
   919 | D:2      | Found a sparkling altar of Nemelex Xobeh.
  1139 | D:2      | Noticed Crazy Yiuf
  1144 | D:2      | Killed Crazy Yiuf
  1354 | D:3      | Reached skill level 5 in Unarmed Combat
  1369 | D:3      | Found an oddly glowing altar of Pakellas.
  1391 | D:3      | Reached XP level 5. HP: 29/53 MP: 4/4
  1611 | D:3      | Noticed Sigmund
  1628 | D:3      | Killed from afar by Sigmund

Skill      XL: |  1  2  3  4 |
---------------+-------------+-----
Dodging        | 3 |  3.4
Fighting       | 3 |  3.3
Unarmed Combat | 5 |  5.2
Stealth        | |  1.1

Action                   |  1- 3 |  4- 6 || total
-------------------------+-------+-------++-------
Melee: Unarmed           |   105 |    93 ||   198
       Punch             |     2 |       ||     2
 Stab: Sleeping          |     3 |       ||     3
  Eat: Chunk             |    14 |     6 ||    20
Armor: Robe              |    47 |    29 ||    76
Dodge: Dodged            |    61 |    47 ||   108
